 Dungeon Crawl Stone Soup version 0.21.2 (webtiles) character file.

74 glosham the Skirmisher (level 4, -4/37 HPs)
             Began as a Formicid Berserker on Dec 25, 2018.
             Was a Believer of Trog.
             Slain by a gnoll
             ... wielding a +0 whip
              (8 damage)
             ... on level 2 of the Dungeon.
             The game lasted 00:17:53 (880 turns).

glosham the Skirmisher (Formicid Berserker)          Turns: 880, Time: 00:17:55

Health: -4/37      AC:  5    Str: 23    XL:     4   Next: 54%
Magic:  13/13      EV: 11    Int:  6    God:    Trog [**....]
Gold:   72         SH:  0    Dex: 10    Spells: 3/3 levels left

rFire    . . .     SeeInvis +   a - +0 hand axe
rCold    . . .     Gourm    .   (no shield)
rNeg     . . .     Faith    .   f - +0 ring mail
rPois    .         Spirit   .   (helmet unavailable)
rElec    .         Reflect  .   (no cloak)
rCorr    .         Harm     .   (no gloves)
MR       .....                  (no boots)
Stlth    ..........             (no amulet)
HPRegen  0.12/turn              k - ring of magical power
MPRegen  0.13/turn              (no ring)

@: no status effects
A: permanent stasis, dig shafts and tunnels, four strong arms, antennae 3
a: Dig, Shaft Self, Trog's Hand, Burn Spellbooks, Renounce Religion


You were on level 2 of the Dungeon.
You worshipped Trog.
Trog was pleased with you.
You were hungry.

You visited 1 branch of the dungeon, and saw 2 of its levels.

You collected 72 gold pieces.

Inventory:

Hand Weapons
 a - a +0 hand axe (weapon)
 b - a +0 trident
 c - a +0 hunting sling
Missiles
 j - 14 stones (quivered)
Armour
 f - a +0 ring mail (worn)
Jewellery
 k - a ring of magical power (left hand)
Scrolls
 h - a scroll of magic mapping
Potions
 d - a potion of cancellation {unknown}
 e - a potion of curing
 g - a potion of flight {unknown}
 l - a potion of berserk rage {unknown}
Comestibles
 i - 2 rations


   Skills:
 + Level 4.1 Fighting
 + Level 3.7 Axes
 + Level 3.3 Armour
 - Level 1.7 Dodging


You had 3 spell levels left.
You didn't know any spells.

Dungeon Overview and Level Annotations

Branches:
Dungeon (2/15)

Altars:


Innate Abilities, Weirdness & Mutations

You cannot be hasted, slowed, berserked, paralysed or teleported.
You can dig through walls and to a lower floor.
Your four strong arms can wield two-handed weapons with a shield.
You have a pair of large antennae on your head. (SInv)


Message History

You hit the gnoll but do no damage.
The gnoll is severely wounded.
The gnoll hits you with a whip. The gnoll barely misses you.
You hit the gnoll.
You kill the gnoll!
Trog accepts your kill.
The gnoll hits you from afar with a spear.
The gnoll hits you with a spear.
Things that are here:
a whip; a gnoll corpse You closely miss the gnoll.
The gnoll closely misses you.
You barely miss the gnoll. The gnoll hits you with a spear.
* * * LOW HITPOINT WARNING * * *
It was a potion of curing.
You feel better. The gnoll misses you.
You slash the gnoll!
The gnoll is severely wounded.
The gnoll hits you with a spear.
You hit the gnoll.
The gnoll is almost dead.
The gnoll hits you with a spear.
* * * LOW HITPOINT WARNING * * *
You barely miss the gnoll.
The gnoll is almost dead.
The gnoll hits you with a spear.
* * * LOW HITPOINT WARNING * * *
You hit the gnoll.
You kill the gnoll!
Trog accepts your kill.
You barely miss the gnoll. The gnoll barely misses you.
You hit the gnoll.
The gnoll is lightly wounded.
The gnoll barely misses you.
You hit the gnoll but do no damage.
The gnoll is lightly wounded.
The gnoll hits you with a whip.
* * * LOW HITPOINT WARNING * * *
You hit the gnoll.
The gnoll is moderately wounded.
The gnoll hits you with a whip!
You die...

##.###...####.#.#
#.####.##.....#.# #..
.####.....###.#.####...
.##...................#
.#...##.......#.###...#
##### #................
..# #.......#####.#..
.## #.......####..# ##
#.[....†.g@..#
########.##### #..#
..g.# .....# .......#
.....).. .......#


You could see a gnoll.

Vanquished Creatures
  Robin (D:2)
  2 gnolls (D:2)
  A dart slug (D:1)
  8 hobgoblins
  2 jackals (D:1)
  3 bats
  3 frilled lizards
  12 goblins
  6 kobolds
  4 rats
42 creatures vanquished.

Notes
Turn   | Place    | Note
-------+----------+-------------------------------------------
     0 | D:1      | glosham the Formicid Berserker began the quest for the Orb.
     0 | D:1      | Reached XP level 1. HP: 18/18 MP: 1/1
    87 | D:1      | Reached XP level 2. HP: 8/24 MP: 2/2
   511 | D:1      | Reached XP level 3. HP: 12/30 MP: 3/3
   563 | D:1      | You fall through a shaft!
   564 | D:2      | Reached ** piety under Trog
   693 | D:2      | Reached skill level 3 in Armour
   694 | D:2      | Noticed Robin
   718 | D:2      | Killed Robin
   718 | D:2      | Reached skill level 4 in Fighting
   718 | D:2      | Reached XP level 4. HP: 27/37 MP: 4/4
   804 | D:1      | You fall through a shaft!
   880 | D:2      | Slain by a gnoll

Skill      XL: |  1  2  3 |
---------------+----------+-----
Armour         | 3 |  3.3
Fighting       | 4 |  4.1
Axes           | |  3.7
Dodging        | |  1.7

Action                   |  1- 3 |  4- 6 || total
-------------------------+-------+-------++-------
Melee: Hand axe          |   112 |    30 ||   142
 Abil: Dig               |     9 |     4 ||    13
       Shaft Self        |     1 |     1 ||     2
  Use: Scroll            |     4 |       ||     4
       Potion            |       |     1 ||     1
  Eat: Chunk             |     1 |     2 ||     3
Armor: Animal skin       |     8 |       ||     8
       Ring mail         |    10 |     5 ||    15
Dodge: Dodged            |    58 |    19 ||    77

Table legend:
 A = Turns spent in this place as a percentage of turns spent in the entire game.
 B = Non-inter-level travel turns spent in this place as a percentage of non-inter-level travel turns spent in the entire game.
 C = Inter-level travel turns spent in this place as a percentage of turns spent in this place.
 D = Turns resting spent in this place as a percentage of non-inter-level travel turns spent in this place.
 E = Turns spent auto-exploring this place as a percentage of non-inter-level travel turns spent in this place.
 F = Non-inter-level travel turns spent in this place divided by the number of levels of this place that you've seen.
                   A       B       C       D       E      F
               +-------+-------+-------+-------+-------+----------------------
         Total | 100.0 | 100.0 |   0.0 |   0.0 |   0.0 | 440.0
       Dungeon | 100.0 | 100.0 |   0.0 |   0.0 |   0.0 | 440.0
               +-------+-------+-------+-------+-------+----------------------

Table legend:
 A = Kills in this place as a percentage of kills in entire the game.
 B = Kills by you in this place as a percentage of kills by you in the entire game.
 C = Kills by friends in this place as a percentage of kills by friends in the entire game.
 D = Other kills in this place as a percentage of other kills in the entire game.
 E = Experience gained in this place as a percentage of experience gained in the entire game.
 F = Experience gained in this place divided by the number of levels of this place that you have seen.
                   A       B       C       D       E      F
               +-------+-------+-------+-------+-------+----------------------
         Total | 100.0 | 100.0 |   N/A |   N/A | 100.0 |  53.5
       Dungeon | 100.0 | 100.0 |   N/A |   N/A | 100.0 |  53.5
               +-------+-------+-------+-------+-------+----------------------

Vault maps used:
D:1:      dpeg_arrival_boxes_within_box
D:2:      first_ration, st_stairs_7, eino_tiny_chamber, uniq_robin
